Map: Pillars of Gold LE

Players

SubMarine - Winner!

  • Race: Terran Terran
  • Spawn Location: 7:00

A.I. 1 (Harder)

  • Race: Terran Terran
  • Spawn Location: 1:00

VOD

Have the link to the VOD?

Description

junk

Time

  • Played on: Sept. 14, 2020, 4:33 a.m.
  • Length: 5:01
Show
View Real Time Build Order
Export as new Build Order

SubMarine Terran - Winner!

Build Orders:  

Get SALT Encoding   

  12  0:00  SCV  
  13  0:12  SCV  
  14  0:18  Supply Depot  
  14  0:24  SCV  
  15  0:40  SCV  
  16  0:45  Barracks  
  16  0:52  SCV  
  16  0:56  Refinery  
  17  1:04  SCV  
  18  1:16  SCV  
  19  1:32  Orbital Command  
  19  1:45  Command Center  
  19  1:47  Marine  
  20  2:03  Factory  
  20  2:09  Marine  
  21  2:17  Supply Depot  
  21  2:20  SCV, Refinery  
  22  2:30  Barracks Reactor  
  22  2:32  SCV  
  23  2:44  SCV  
  24  2:53  Starport  
  24  2:56  Widow Mine  
  26  3:00  Orbital Command  
  26  3:06  SCV  
  26  3:12  Marine x2  
  29  3:18  SCV  
  30  3:24  Bunker  
  30  3:38  Supply Depot  
  30  3:41  SCV x2  
  32  3:48  Viking  
  34  3:49  Factory Tech Lab  
  34  3:53  SCV x2  
  36  3:59  Barracks  
  36  4:01  Barracks  
  36  4:05  SCV x2  
  36  4:08  Marine x2  
  40  4:15  Cyclone  
  43  4:18  Medivac  
  45  4:26  Marine x2  
  47  4:34  Supply Depot  
  47  4:41  Engineering Bay  
Show
View Real Time Build Order
Export as new Build Order

A.I. 1 (Harder) Terran 

Build Orders: 2 Factory 

Get SALT Encoding   

  12  0:00  SCV  
  13  0:13  SCV  
  14  0:20  Supply Depot  
  14  0:25  SCV  
  15  0:41  SCV  
  16  0:44  Barracks  
  16  0:53  SCV  
  17  1:06  SCV  
  18  1:18  Command Center  
  18  1:30  Orbital Command, Marine  
  19  1:40  Supply Depot  
  19  1:47  Refinery  
  19  1:48  Marine  
  20  1:56  SCV  
  21  2:03  Barracks  
  21  2:08  Refinery  
  21  2:09  SCV  
  21  2:14  Marine  
  23  2:21  SCV  
  24  2:29  Supply Depot  
  24  2:32  Barracks Tech Lab  
  24  2:38  SCV  
  25  2:47  SCV  
  25  2:50  SCV, Marine  
  28  2:57  Barracks Tech Lab  
  28  2:59  SCV  
  28  3:02  SCV  
  30  3:08  Marauder  
  30  3:11  SCV  
  30  3:12  Factory  
  33  3:15  SCV, Marine  
  35  3:23  SCV  
  36  3:27  SCV  
  36  3:29  Factory  
  37  3:42  Refinery  
  37  3:49  Refinery  
  37  3:57  Factory Tech Lab  
  37  3:58  Marine  
  37  4:00  Starport  
  38  4:05  Starport  
  38  4:13  Factory Tech Lab  
  38  4:14  Marauder  
  40  4:24  Marauder  
  42  4:33  SCV  
  42  4:34  SCV  
  45  4:39  Starport Tech Lab  
  45  4:40  Supply Depot  
  45  4:43  Starport Tech Lab  
  45  4:44  Ghost Academy  
  45  4:45  SCV  
Tags
 
Matchup
TvT
Opening
2 Factory
Race
Terran
Spawn Locations
Cross Positions
Add a new tag
Caveats
  • Supply blocks, unpowered buildings, or Contaminate may cause inaccurate times.
  • Supply counts are checked every 10 seconds.